 Dungeon Crawl Stone Soup version 0.29-a0-823-gc37b1572da (webtiles) character file.

Game seed: 9505746370985050135

285801 buhh the Peltast (level 21, -11/153 HPs)
             Began as a Formicid Hunter on July 8, 2022.
             Was a Priest of Hepliaklqana.
             Mangled by the Royal Jelly (12 damage)
             ... on level 5 of the Pits of Slime.
             The game lasted 01:44:45 (51179 turns).

buhh the Peltast (Formicid Hunter)                 Turns: 51179, Time: 01:44:45

Health: -11/153    AC: 24    Str: 23    XL:     21   Next: 50%
Magic:  25/29      EV: 10    Int: 12    God:    Hepliaklqana [***...]
Gold:   2469       SH: 22    Dex: 22    Spells: 18/20 levels left

rFire   + . .      SeeInvis +   a - +11 shortbow "Ant's Foe" {freeze, Will+ Int+2}
rCold   + . .      Faith    .   O - +5 kite shield {reflect}
rNeg    . . .      Spirit   .   E - +2 storm dragon scales {Bai Suzhen}
rPois   +          Reflect  +   (helmet unavailable)
rElec   +          Harm     .   t - scarf {rC+ rF+}
rCorr   +          Rampage  .   A - +0 pair of gloves
Will    +++..                   Y - +0 pair of boots
Stlth   ..........              b - amulet of the acrobat
HPRegen 0.35/turn               Z - ring of poison resistance
MPRegen 0.21/turn               y - ring of resist corrosion

@: invisible
A: reduced essence, permanent stasis, dig shafts and tunnels, antennae 3, four
strong arms, strong 1, MP-powered wands
}: 2/15 runes: decaying, gossamer
a: Dig, Shaft Self, Renounce Religion, Recall Ancestor, Ancestor Identity,
Transference


You were on level 5 of the Pits of Slime.
You worshipped Hepliaklqana.
Hepliaklqana was most pleased with you.
You visited 9 branches of the dungeon, and saw 41 of its levels.
You also visited: Bailey.

You collected 3939 gold pieces.
You spent 1470 gold pieces at shops.

Inventory:

Hand Weapons
 a - the +11 shortbow "Ant's Foe" (weapon) {freeze, Will+ Int+2}
   (You bought it in a shop on level 11 of the Dungeon)

   Any ammunition fired from it freezes those it strikes, dealing additional
   cold damage.
   It can also slow down cold-blooded creatures.
   Int:       It affects your intelligence (+2).
   Will:      It increases your willpower.
 S - the +6 arbalest of Conservatism {elec, Dex+3}
   (You found it on level 4 of the Spider Nest)

   Any ammunition fired from it occasionally discharges a powerful burst of
   electricity upon striking a foe.
   Dex:       It affects your dexterity (+3).
Missiles
 c - 3 curare-tipped darts
 f - 3 throwing nets
Armour
 t - a scarf of resistance (worn)
 A - a +0 pair of gloves (worn)
 E - +2 storm dragon scales (worn) {Bai Suzhen}
 O - a +5 kite shield of reflection (worn)
 Y - a +0 pair of boots (worn)
Jewellery
 b - an amulet of the acrobat (around neck)
 q - a ring of protection from fire
 y - a ring of resist corrosion (right hand)
 D - a ring of protection from fire
 I - a +4 ring of protection
 P - a ring of willpower
 Z - a ring of poison resistance (left hand)
Wands
 l - a wand of flame (66)
 p - a wand of charming (29)
 u - a wand of polymorph (19)
 w - a wand of quicksilver (35)
 C - a wand of mindburst (29)
 F - a wand of iceblast (23)
Scrolls
 d - 19 scrolls of teleportation {!d}
 g - 3 scrolls of enchant weapon
 i - 5 scrolls of poison
 r - 2 scrolls of immolation {!d}
 B - 8 scrolls of amnesia
 G - 3 scrolls of fog
 K - 3 scrolls of magic mapping {!r!d}
 Q - 14 scrolls of identify {!d}
 R - 6 scrolls of blinking {!d}
 W - a scroll of brand weapon
Potions
 j - 4 potions of haste {!q!d}
 k - 7 potions of curing {!q!d}
 s - 7 potions of lignification {!d}
 v - 6 potions of attraction
 x - 16 potions of degeneration
 z - 3 potions of resistance {!q!d}
 H - 5 potions of ambrosia {!q!d}
 J - 4 potions of brilliance {!q!d}
 L - a potion of might
 M - 5 potions of mutation {!d}
 T - 4 potions of cancellation {!q!d}
 V - 2 potions of invisibility {!q!d}
 X - 4 potions of flight
Miscellaneous
 h - a box of beasts (inert)
 o - a phantom mirror (inert)
 U - a tin of tremorstones (2/2)


   Skills:
 - Level 16.0 Fighting
 - Level 18.0 Ranged Weapons
 - Level 20.0 Armour
 - Level 1.8 Dodging
 - Level 4.0 Stealth
 - Level 20.0 Shields
 - Level 11.0 Invocations
 * Level 15.7 Evocations


You had 18 spell levels left.
You knew the following spells:

 Your Spells              Type           Power      Damage    Failure   Level
a - Wereblood             Tmut           0%         N/A       91%         2

Your spell library contained the following spells:

 Spells                   Type           Power      Damage    Failure   Level
 Foxfire                  Conj/Fire      0%         2x1d4     82%         1
 Freeze                   Ice            0%         1d3       82%         1
 Shock                    Conj/Air       0%         1d3       82%         1
 Ensorcelled Hibernation  Hex/Ice        0%         N/A       91%         2
 Passwall                 Tmut/Erth      0%         N/A       91%         2
 Static Discharge         Conj/Air       0%         3-3/arc   91%         2
 Sublimation of Blood     Necr           0%         N/A       91%         2
 Confusing Touch          Hex            0%         N/A       99%         3
 Conjure Flame            Conj/Fire      0%         6-21      99%         3
 Frozen Ramparts          Ice            0%         1d2       99%         3
 Gell's Gravitas          Tloc           0%         N/A       99%         3
 Ignite Poison            Fire/Tmut/Pois 0%         N/A       99%         3
 Inner Flame              Hex/Fire       0%         N/A       99%         3
 Lesser Beckoning         Tloc           0%         N/A       99%         3
 Spider Form              Tmut/Pois      0%         N/A       99%         3
 Stone Arrow              Conj/Erth      0%         3d7       99%         3
 Teleport Other           Tloc           0%         N/A       99%         3
 Airstrike                Air            0%         0-1+      100%        4
 Anguish                  Hex/Necr       0%         N/A       100%        4
 Animate Armour           Summ/Erth      0%         N/A       100%        4
 Animate Dead             Necr           0%         N/A       100%        4
 Flame Wave               Conj/Fire      0%         2d4       100%        4
 Hailstorm                Conj/Ice       0%         3d3       100%        4
 Leda's Liquefaction      Hex/Erth       0%         N/A       100%        4
 Passage of Golubria      Tloc           0%         N/A       100%        4
 Summon Lightning Spire   Summ/Air       0%         N/A       100%        4
 Iskenderun's Battlesphe  Conj           0%         2d6       100%        5
 Lightning Bolt           Conj/Air       0%         1d11      100%        5
 Silence                  Hex/Air        0%         N/A       100%        5
 Yara's Violent Unravell  Hex/Tmut       0%         3d3       100%        5
 Iron Shot                Conj/Erth      0%         9d1       100%        6
 Statue Form              Tmut/Erth      0%         N/A       100%        6
 Enfeeble                 Hex            0%         N/A       100%        7
 Haunt                    Necr/Summ      0%         N/A       100%        7
 Spellforged Servitor     Conj/Summ      0%         N/A       100%        7
 Storm Form               Tmut/Air       0%         N/A       100%        7
 Summon Hydra             Summ           0%         N/A       100%        7
 Infestation              Necr           0%         N/A       100%        8
 Lehudib's Crystal Spear  Conj/Erth      0%         10d2      100%        8
 Maxwell's Capacitive Co  Air            0%         ∞         100%        8
 Swiftness                Air            Unusable   N/A       N/A         3

Dungeon Overview and Level Annotations

Branches:
Dungeon (15/15) Zot: 25452  Temple (1/1) D:4 Zot: 5761    Lair (6/6) D:9 Zot: 23632
  Swamp (4/4) Lair:4 Zot: 17917  Spider (4/4) Lair:2 Zot: 16685   Slime (5/5) Lair:5 Zot: 24579
    Orc (2/2) D:11 Zot: 10556     Elf (3/3) Orc:2 Zot: 15339  Vaults (1/5) D:13 Zot: 5775
 Depths (0/4) D:15         Bailey (visited)

Altars:
Ashenzari
Cheibriados
Dithmenos
Elyvilon
Fedhas
Gozag
Hepliaklqana
Kikubaaqudgha
Makhleb
Nemelex Xobeh
Okawaru
Qazlal
Ru
Sif Muna
Trog
Uskayaw
Vehumet
Wu Jian
Xom
Yredelemnul
Zin
The Shining One
Jiyva

Shops:
D:7 (   D:11 ((*[   Orc:2 :(((   Elf:2 !

Annotations:
D:6 exclusion: 8 doors
D:8 exclusion: two-headed ogre
D:11 1 runed translucent door, doggme's ghost, journeyman DsAK
Spider:2 2 transporters, gdog's ghost, adept GnDe
Slime:5 Royal Jelly


Innate Abilities, Weirdness & Mutations

Your life essence is reduced to manifest your ancestor. (-10% HP)
You cannot be hasted, slowed, berserked, paralysed or teleported.
You can dig through walls and to a lower floor.
You have a pair of large antennae on your head. (SInv)
Your four strong arms can wield two-handed weapons with a shield.
Your muscles are strong. (Str +4, Int/Dex -1)
You expend magic power (3 MP) to strengthen your wands.


Message History

The azure jelly hits your large slime creature.
Your large slime creature hits the azure jelly but does no damage.
The acid blob hits your large slime creature!!
Your large slime creature dies!
Your large slime creature dissolves into shadows!
The azure jelly quivers.
Okay, then.
Really read
n - a scroll of fear {!r}?
As you read the scroll of fear {!r}, it crumbles to dust.
You assume a fearsome visage.
The rockslime resists with almost no effort.
The azure jelly looks frightened!
The slime creature looks frightened!
The rockslime looks frightened! x2; The azure jelly looks frightened!
The Royal Jelly resists with almost no effort.
The acid blob resists with some effort.
The slime creature looks frightened!
The azure jelly resists with almost no effort.
The Royal Jelly hits you but does no damage.
You block the Royal Jelly's attack. x2; The Royal Jelly hits you!
* * * LOW HITPOINT WARNING * * *
You are splashed with acid.
You resist.
* * * LOW HITPOINT WARNING * * *
The acid blob spits acid at you. The splash of acid hits you! You resist.
* * * LOW HITPOINT WARNING * * *
Really quaff
V - 3 potions of invisibility {!q!d}?
You fade into invisibility!
You block the Royal Jelly's attack.
The Royal Jelly hits you but does no damage.
You block the rockslime's attack. You block the rockslime's attack.
The Royal Jelly closely misses you. You block the Royal Jelly's attack.
You open the lid... ...and an elder oxsting beast leaps out!
The box is emptied!
The slime creature quivers.
The rockslime seems to regain its courage.
The rockslime hits you.
* * * LOW HITPOINT WARNING * * *
You hold your ground!
The Royal Jelly misses you. The Royal Jelly hits you!
You die...

............J..###
....^........§J.J####
...............§...J#
....................###
..J...................#
.....................#####
.##.#..........J.....##..#
.####..........JJJ......##
.# ###.........@......#.#
## ##.......H.........# {
#.................# {
###...............## {
#................#
#................##
#.................#
..................#
..................##


You could see the Royal Jelly (ally target), an acid blob, an azure jelly, a
slime creature (unable to see you), 3 rockslimes and a friendly elder oxsting
beast (summoned).

Vanquished Creatures
  12 acid blobs
  Donald (Swamp:3)
  Roxanne (D:14)
  2 azure jellies
  5 rockslimes
  An emperor scorpion (Spider:2)
  2 ghost moths
  An orc warlord (Orc:1)
  A ghoul (Swamp:3)
  4 broodmothers (Spider:4)
  5 quicksilver oozes
  3 eleionomae
  2 bunyips
  3 entropy weavers
  A shambling mangrove (Swamp:3)
  An ice dragon (Lair:4)
  4 boulder beetles
  5 great orbs of eyes
  3 vault guards
  2 centaur warriors
  An ironbound frostheart (Vaults:1)
  A catoblepas (Lair:6)
  A radroach (Spider:3)
  3 alligators
  15 hydras
  Erica (D:8)
  9 two-headed ogres
  2 death yaks (Lair:6)
  4 dancing weapons
  An orc high priest (Orc:2)
  Urug (Lair:5)
  Nergalle (Lair:2)
  8 deep elf knights
  8 orb spiders
  2 pharaoh ants
  3 steelbarb worms
  2 spriggan druids
  5 swamp dragons
  4 goliath frogs
  A glowing orange brain (Slime:3)
  A deep troll (Orc:2)
  6 bog bodies (Swamp:4)
  4 deep elf archers
  4 lindwurms
  A wizard (D:12)
  An orc knight (Bailey)
  9 ugly things
  11 deep elf pyromancers
  6 cyclopes
  3 manticores
  12 deep elf zephyrmancers
  8 wolf spiders
  3 moths of wrath
  6 orc sorcerers
  A will-o-the-wisp (Swamp:3)
  A shining eye (Slime:1)
  2 elephants (Lair:3)
  A centaur zombie (D:15)
  4 black mambas
  An ice statue (Lair:4)
  An eye of devastation (Slime:3)
  3 torpor snails
  16 cane toads
  2 unseen horrors (D:12)
  2 rime drakes (Lair:6)
  2 kobold demonologists (D:11)
  2 demonic crawlers (Spider:1)
  An efreet (D:15)
  A yaktaur (D:13)
  7 komodo dragons
  A tengu conjurer (D:13)
  8 trolls
  10 tyrant leeches
  A polar bear (Lair:1)
  6 hornets
  2 bloated husks
  4 meliai (Spider:4)
  25 tarantellas
  Grinder (D:5)
  10 blink frogs
  3 dream sheep
  17 culicivoras
  2 water elementals
  13 jumping spiders
  27 slime creatures
  5 wyverns
  3 air elementals (Elf:2)
  5 spriggans
  Sigmund (D:2)
  A shadow (D:11)
  A wyvern (shapeshifter) (Elf:2)
  A wraith (D:12)
  3 fire elementals
  33 yaks
  3 hogs (Lair:4)
  3 basilisks
  3 golden eyes (Slime:1)
  43 redbacks
  20 vampire mosquitoes
  11 swamp worms
  2 hell hounds (Spider:1)
  A warg (Orc:1)
  16 water moccasins
  24 orc warriors
  8 swamp drakes
  6 ice beasts
  A sky beast (D:7)
  4 black bears
  A tengu (shapeshifter) (Elf:1)
  13 ogres
  13 centaurs
  3 wolves (Lair:2)
  A phantom (D:5)
  3 kobold brigands
  7 bullfrogs
  2 gnoll sergeants
  A necrophage (D:4)
  A scorpion (D:6)
  4 wights
  2 howler monkeys
  6 electric eels
  A crimson imp (D:12)
  3 hounds
  4 gnoll boudas
  16 orc priests
  A jelly (D:4)
  Natasha (thrice) (D:2)
  4 iguanas
  14 orc wizards
  A boggart skeleton (D:15)
  5 hell rats (Lair:4)
  A scorpion zombie (D:2)
  25 gnolls
  10 adders
  10 white imps (D:11)
  An ufetubus (D:4)
  An adder skeleton (D:2)
  A worm (D:5)
  4 dart slugs
  48 orcs
  A bat skeleton (D:2)
  7 endoplasms
  A giant cockroach (D:4)
  12 goblins
  10 hobgoblins
  3 jackals (D:4)
  3 quokkas
  5 ball pythons
  A ball python zombie (D:2)
  9 bats
  5 frilled lizards
  A giant cockroach simulacrum (D:2)
  A giant cockroach zombie (D:2)
  16 kobolds
  6 rats
873 creatures vanquished.

Vanquished Creatures (collateral kills)
  Bai Suzhen (Swamp:3)
  the Lernaean hydra (Swamp:4)
  Rupert (D:13)
  9 acid blobs
  A thorn hunter (Swamp:4)
  Kirke (Lair:4)
  An emperor scorpion (Spider:1)
  8 azure jellies
  6 rockslimes
  2 ghouls (Swamp:4)
  3 ghost moths
  3 broodmothers
  An ironbound thunderhulk (Vaults:1)
  3 quicksilver oozes
  Azrael (Spider:1)
  3 eleionomae
  2 bunyips
  An entropy weaver (Spider:3)
  A deep elf death mage (Elf:1)
  2 great orbs of eyes (Vaults:1)
  A shambling mangrove (Swamp:4)
  6 vault guards
  2 ogre magi (Orc:2)
  13 hydras
  A jorogumo (Spider:4)
  A ghost crab (Spider:3)
  3 two-headed ogres (Orc:2)
  2 radroaches
  3 alligators
  A centaur warrior (D:15)
  6 dancing weapons
  2 death yaks (Lair:6)
  40 slime creatures
  9 spriggans
  3 deep elf knights (Elf:1)
  5 swamp dragons
  2 spriggan druids (Swamp:3)
  2 pharaoh ants
  3 deep trolls
  2 deep elf archers
  An ironbound convoker (Vaults:1)
  An orb spider (Spider:3)
  5 bog bodies
  A goliath frog (Swamp:3)
  3 steelbarb worms
  A lindwurm (Vaults:1)
  6 deep elf pyromancers
  A necromancer (D:15)
  6 deep elf zephyrmancers
  2 cyclopes
  5 ugly things
  An orc sorcerer (D:13)
  7 wolf spiders
  An orc knight (D:13)
  2 shining eyes
  3 manticores
  3 elephants (Lair:3)
  A black mamba (Lair:4)
  A moth of wrath (Spider:4)
  A naga mage (D:15)
  A gargoyle (D:12)
  2 centaur skeletons (D:15)
  6 cane toads
  2 komodo dragons
  A rime drake (Lair:6)
  3 demonic crawlers
  4 tyrant leeches
  6 trolls
  A polar bear (Lair:4)
  13 tarantellas
  8 hornets
  2 blink frogs (Lair:5)
  A dream sheep (Lair:5)
  5 culicivoras
  9 jumping spiders
  17 yaks
  A hog (Lair:4)
  9 vampire mosquitoes
  18 redbacks
  A golden eye (Slime:1)
  2 basilisks
  A fire elemental (Spider:1)
  3 swamp worms
  A warg (Orc:2)
  2 acid dragons
  5 water moccasins
  A hell hound (Spider:1)
  4 orc warriors
  2 sky beasts
  3 ice beasts
  8 ogres
  A kobold brigand (D:11)
  A bullfrog (Lair:3)
  A necrophage (D:8)
  6 wights
  A howler monkey (D:13)
  2 electric eels (Lair:2)
  4 orc priests
  4 orc wizards
  An adder (D:5)
  4 gnolls
  3 white imps
  12 orcs
392 creatures vanquished.

Vanquished Creatures (others)
  2 deep elf knights (Elf:1)
  A deep elf archer (Elf:1)
  2 deep elf pyromancers
  A yaktaur (Vaults:1)
  A water elemental (Elf:2)
  2 humans (Lair:4)
  20 knights
  An ancestor (D:5)
  A gnoll (D:4)
  A butterfly (D:8)
  43 fungi
  72 plants
  20 withered plants (D:2)
167 creatures vanquished.

Grand Total: 1432 creatures vanquished

Notes
Turn   | Place    | Note
-------+----------+-------------------------------------------
     0 | D:1      | buhh the Formicid Hunter began the quest for the Orb.
     0 | D:1      | Reached XP level 1. HP: 16/16 MP: 1/1
   139 | D:1      | Reached XP level 2. HP: 22/22 MP: 2/2
   419 | D:1      | Reached XP level 3. HP: 27/27 MP: 3/3
   928 | D:2      | Noticed Sigmund
   933 | D:2      | You fall into a shaft and drop 2 floors!
  1035 | D:4      | Reached XP level 4. HP: 24/33 MP: 4/4
  1153 | D:3      | Found a faded altar of an unknown god.
  1607 | D:2      | Reached skill level 5 in Ranged Weapons
  1607 | D:2      | Reached XP level 5. HP: 38/38 MP: 5/5
  1788 | D:2      | Noticed Natasha
  1950 | D:2      | Killed Natasha
  1995 | D:2      | Found the +4 dagger "Morg" {pain, Will+ Int+5}
  2189 | D:2      | Killed Sigmund
  2190 | D:2      | Reached XP level 6. HP: 38/44 MP: 6/6
  2280 | D:2      | Noticed Natasha
  2291 | D:2      | Killed Natasha
  2485 | D:2      | Noticed Natasha
  2502 | D:2      | Killed Natasha
  2503 | D:2      | Reached XP level 7. HP: 6/50 MP: 7/7
  2830 | D:3      | You fall into a shaft and drop 3 floors!
  3041 | D:5      | Entered Level 5 of the Dungeon
  3219 | D:4      | Found a staircase to the Ecumenical Temple.
  3341 | Temple   | Entered the Ecumenical Temple
  3473 | Temple   | Became a worshipper of Hepliaklqana the Forgotten
  3815 | D:4      | Reached skill level 8 in Ranged Weapons
  4566 | D:3      | Found a stormy altar of Qazlal.
  4821 | D:3      | Reached XP level 8. HP: 52/56 MP: 8/8
  5965 | D:5      | Noticed Grinder
  6091 | D:5      | Reached * piety under Hepliaklqana
  6412 | D:5      | Reached skill level 10 in Ranged Weapons
  6540 | D:5      | Found a radiant altar of Vehumet.
  6668 | D:5      | Killed Grinder
  6669 | D:5      | Reached XP level 9. HP: 54/54 MP: 9/9
  6859 | D:6      | Found a hide-covered altar of Uskayaw.
  7102 | D:6      | Noticed a troll
  7102 | D:6      | Noticed a komodo dragon
  7624 | D:6      | Reached ** piety under Hepliaklqana
  7625 | D:6      | Remembered your ancestor Kaladin as a knight
  8799 | D:7      | Identified the +1 helmet "Buveereng" {+Inv rF+ MP+9}
  8823 | D:7      | Found Etwues's Weapon Shoppe.
  8854 | D:7      | Reached XP level 10. HP: 60/60 MP: 10/10
  9534 | D:8      | Found a white marble altar of Elyvilon.
  9711 | D:8      | Noticed a two-headed ogre
  9763 | D:8      | Reached skill level 5 in Fighting
  9889 | D:8      | Noticed Erica
  9915 | D:8      | Killed Erica
 10663 | D:8      | Reached *** piety under Hepliaklqana
 10801 | D:9      | Found a staircase to the Lair.
 11026 | D:9      | Found a shadowy altar of Dithmenos.
 11166 | D:9      | Reached XP level 11. HP: 57/72 MP: 11/11
 11668 | D:9      | Reached skill level 15 in Ranged Weapons
 11946 | D:10     | Entered Level 10 of the Dungeon
 12079 | D:10     | Found a flagged portal.
 12093 | Bailey   | Entered a bailey
 12171 | Bailey   | Noticed an orc knight
 12190 | Bailey   | Killed an orc knight
 12314 | Bailey   | Found the +10 dark maul {vorpal}
 12320 | Bailey   | Identified the -1 helmet of the Wars {Dex+4}
 12566 | D:10     | Reached **** piety under Hepliaklqana
 12939 | D:10     | You fall into a shaft and drop 2 floors!
 13339 | D:12     | Noticed a cyclops
 13884 | D:11     | Found a runed translucent door.
 13885 | D:11     | Noticed an ogre mage
 13886 | D:11     | Noticed doggme's ghost (journeyman DsAK)
 13904 | D:10     | Noticed a two-headed ogre
 13911 | D:10     | Killed a two-headed ogre
 14332 | D:11     | Reached XP level 12. HP: 81/81 MP: 14/14
 14349 | D:11     | Found Pimit's Assorted Antiques.
 14360 | D:11     | Bought a scroll of magic mapping for 91 gold pieces
 14360 | D:11     | Bought a scroll of identify for 52 gold pieces
 14376 | D:11     | Noticed a two-headed ogre
 14384 | D:11     | Killed a two-headed ogre
 14406 | D:11     | Found Biet's Armour Shop.
 14423 | D:11     | Reached skill level 8 in Fighting
 14423 | D:11     | Reached skill level 5 in Armour
 14446 | D:11     | Bought a +3 leather armour of fire resistance for 312 gold
                  | pieces
 14446 | D:11     | Bought a +0 kite shield for 58 gold pieces
 14757 | D:11     | Noticed a two-headed ogre
 14765 | D:11     | Killed a two-headed ogre
 14793 | D:11     | Found a staircase to the Orcish Mines.
 14881 | D:11     | Found Vegyish's Antique Weapon Emporium.
 14975 | D:11     | Noticed a four-headed hydra
 14991 | D:11     | Killed a four-headed hydra
 14992 | D:11     | Reached skill level 5 in Shields
 15003 | D:11     | Found Nattij's Antique Weapon Shop.
 15052 | D:11     | Bought an ancient shortbow for 152 gold pieces
 15052 | D:11     | Identified the +11 shortbow "Ant's Foe" {freeze, Will+
                  | Int+2} (You bought it in a shop on level 11 of the Dungeon)
 15398 | Lair:1   | Entered Level 1 of the Lair of Beasts
 15437 | Lair:1   | Noticed a four-headed hydra
 15445 | Lair:1   | Killed a four-headed hydra
 16204 | Lair:1   | Reached XP level 13. HP: 83/91 MP: 11/16
 16241 | Lair:2   | Noticed a four-headed hydra
 16248 | Lair:2   | Killed a four-headed hydra
 16264 | Lair:2   | Noticed Nergalle
 16274 | Lair:2   | Killed Nergalle
 16286 | Lair:2   | Reached skill level 10 in Fighting
 16381 | Lair:2   | Reached skill level 8 in Armour
 16381 | Lair:2   | Reached skill level 5 in Invocations
 16569 | Lair:2   | Found a hole to the Spider Nest.
 16602 | Lair:2   | Reached skill level 8 in Shields
 16678 | Lair:2   | Noticed an eight-headed hydra
 16684 | Lair:2   | Killed an eight-headed hydra
 17425 | Lair:3   | Noticed a six-headed hydra
 17429 | Lair:3   | Killed a six-headed hydra
 17455 | Lair:3   | Noticed a six-headed hydra
 17462 | Lair:3   | Killed a six-headed hydra
 17736 | Lair:3   | Reached XP level 14. HP: 101/101 MP: 19/19
 18227 | Lair:4   | Reached skill level 10 in Shields
 18352 | Lair:4   | Reached skill level 8 in Invocations
 18352 | Lair:4   | Noticed Kirke
 18355 | Lair:4   | Noticed a sphinx
 18360 | Lair:4   | Killed Kirke
 18522 | Lair:4   | Reached skill level 10 in Armour
 18872 | Lair:4   | Found a stormy altar of Qazlal.
 19096 | Lair:4   | Found a staircase to the Swamp.
 19302 | Lair:5   | Noticed Urug
 19718 | Lair:5   | Killed Urug
 20032 | Lair:5   | Reached ***** piety under Hepliaklqana
 20105 | Lair:5   | Found a staircase to the Slime Pits.
 20375 | Lair:6   | Entered Level 6 of the Lair of Beasts
 20977 | Lair:6   | Reached XP level 15. HP: 109/109 MP: 22/22
 21029 | Lair:6   | Reached skill level 10 in Invocations
 22895 | D:13     | Noticed Rupert
 23141 | Spider:1 | Entered Level 1 of the Spider Nest
 23189 | Spider:1 | Noticed a broodmother
 23355 | Spider:1 | Got Lulafo's Secrets of Shapes and the Caves
 23783 | Orc:1    | Entered Level 1 of the Orcish Mines
 23788 | Orc:1    | Noticed an orc warlord
 23802 | Orc:1    | Killed an orc warlord
 23953 | Orc:2    | Entered Level 2 of the Orcish Mines
 23953 | Orc:2    | Found a staircase to the Elven Halls.
 24129 | Orc:2    | Reached XP level 16. HP: 90/119 MP: 24/24
 24228 | Orc:2    | Found Tumeen's Antique Weapon Boutique.
 24232 | Orc:2    | Found Umene's Book Shoppe.
 24247 | Orc:2    | Found Kegiz's Weapon Shop.
 24248 | Orc:2    | Found Hoysystry's Weapon Shop.
 24250 | Orc:2    | Bought a book of Blood for 448 gold pieces
 24253 | Orc:2    | Learned a level 2 spell: Wereblood
 24765 | Orc:1    | Reached skill level 15 in Fighting
 26472 | Spider:1 | Noticed an emperor scorpion
 26482 | Spider:1 | Killed an emperor scorpion
 26560 | Spider:1 | Noticed Azrael
 26569 | Spider:1 | Killed Azrael
 26709 | Spider:1 | Reached skill level 18 in Ranged Weapons
 27240 | Spider:2 | Reached skill level 5 in Evocations
 27734 | Spider:2 | Found a transporter.
 27800 | Spider:2 | Reached XP level 17. HP: 127/127 MP: 25/25
 27827 | Spider:2 | Found a transporter.
 27832 | Spider:2 | Noticed gdog's ghost (adept GnDe)
 27971 | Spider:2 | Identified the +8 war axe of Puf Waig {vamp, rN+ Will+}
 27989 | Spider:2 | Identified the +10 war axe of Balec {flame, rF+ rN+ MP-9
                  | Int+3}
 28570 | Spider:3 | Reached skill level 8 in Evocations
 29140 | Spider:4 | Entered Level 4 of the Spider Nest
 29522 | Spider:4 | Reached skill level 10 in Evocations
 30470 | Swamp:1  | Entered Level 1 of the Swamp
 30473 | Swamp:1  | Reached skill level 15 in Shields
 32417 | Swamp:3  | Reached XP level 18. HP: 88/134 MP: 22/26
 32763 | Swamp:3  | Reached skill level 18 in Shields
 32786 | Swamp:3  | Noticed Bai Suzhen
 32793 | Swamp:3  | Killed Bai Suzhen
 32811 | Swamp:3  | Noticed Donald
 32815 | Swamp:3  | Killed Donald
 33006 | Swamp:4  | Entered Level 4 of the Swamp
 35040 | Spider:4 | Identified the +6 arbalest of Conservatism {elec, Dex+3}
 35737 | Spider:4 | Got a gossamer rune of Zot
 36189 | D:13     | Killed Rupert
 36402 | D:13     | Found a gate to the Vaults.
 37038 | D:14     | Identified Roxanne's Compilation of Silt
 37038 | D:14     | Noticed Roxanne
 37046 | D:14     | Killed Roxanne
 37394 | D:15     | Entered Level 15 of the Dungeon
 38065 | D:15     | Reached skill level 15 in Armour
 38065 | D:15     | Reached XP level 19. HP: 139/139 MP: 27/27
 38101 | D:15     | Found a staircase to the Depths.
 38230 | D:15     | Found a broken altar of Ashenzari.
 38591 | Elf:1    | Entered Level 1 of the Elven Halls
 39279 | Elf:1    | Identified the +5 falchion of the Manifold Youths {venom,
                  | rElec Will- rCorr}
 40435 | Elf:2    | Found Ywewata's Distillery.
 40439 | Elf:2    | Bought a potion of heal wounds for 85 gold pieces
 40439 | Elf:2    | Bought a potion of magic for 136 gold pieces
 40439 | Elf:2    | Bought a potion of invisibility for 136 gold pieces
 40565 | Elf:2    | You fall into a shaft and drop 1 floor!
 40565 | Elf:3    | Entered Level 3 of the Elven Halls
 40875 | Elf:3    | Reached skill level 18 in Armour
 43379 | Swamp:3  | Reached XP level 20. HP: 108/145 MP: 28/28
 44540 | Swamp:4  | Noticed the 27-headed Lernaean hydra
 44543 | Swamp:4  | Killed the 27-headed Lernaean hydra
 44592 | Swamp:4  | Got a decaying rune of Zot
 44713 | Swamp:4  | Identified the +1 sling of Arbitration {vorpal, Int+2}
 45163 | Vaults:1 | Entered Level 1 of the Vaults
 45619 | Slime:1  | Entered Level 1 of the Pits of Slime
 46574 | Slime:2  | Gained mutation: You are frail. (-10% HP) [a shining eye]
 46579 | Slime:1  | Lost mutation: You are frail. (-10% HP) [potion of
                  | mutation]
 46579 | Slime:1  | Gained mutation: Your muscles are strong. (Str +4, Int/Dex
                  | -1) [potion of mutation]
 46579 | Slime:1  | Gained mutation: You expend magic power (3 MP) to
                  | strengthen your wands. [potion of mutation]
 47894 | Slime:2  | Reached XP level 21. HP: 141/153 MP: 29/29
 49206 | Slime:5  | Entered Level 5 of the Pits of Slime
 49947 | Slime:5  | Reached skill level 15 in Evocations
 50389 | Slime:5  | Noticed the Royal Jelly
 51123 | Slime:5  | Found a viscous altar of Jiyva.
 51175 | Slime:5  | HP: 6/153 [acid blob/splash of acid[the Royal Jelly] (12)]
 51179 | Slime:5  | HP: 1/153 [rockslime[the Royal Jelly] (6)]
 51179 | Slime:5  | Mangled by the Royal Jelly

Illustrated notes

Levels and vault maps discovered:
D:1:      eino_arrival_water_cross, layout_loops_cross,
          chequers_serial_rivers_micro_e
D:2:      layout_loops_ring, amcnicky_mini_pool_small, st_stairs_12,
          minmay_crystal_room, dilly_guarded_unrand_morg, uniq_sigmund
D:3:      layout_basic, lemuel_tele_altar, ebering_ecumenical_altar_hall,
          minmay_pentangle
D:4:      layout_loops_ring, minmay_temple_entry_hall,
          pf_guarded_unrand_woodcutter
D:5:      layout_rooms, kennysheep_mini, uniq_grinder
D:6:      kennysheep_big_flooded_room, layout_basic, nicolae_uskayaw_suspiria,
          minmay_misc_feat_rugged
D:7:      layout_cave_pools, serial_shops, shop
D:8:      layout_basic, nicolae_elyvilon_peaceful_grove, glass_columns_a,
          minivault_25, uniq_erica
D:9:      layout_basic, mainiacjoe_overflow_small_starburst, lair_entry_dummy,
          serial_rivers, chequers_serial_rivers_small_a,
          chequers_serial_rivers_small_a, chequers_serial_rivers_large_b,
          chequers_serial_rivers_small_b, st_stairs_10
D:10:     layout_irregular_city, enter_bailey_7, minmay_curled_crystal
D:11:     cheibrodos_helix_gallery, layout_long_grid, ebering_ghost_inner_flame,
          portal_ice_cave_entry_imps, serial_shops, nicolae_shop_behind_doors,
          nicolae_shop_overgrown_old_shop, nicolae_lakefront_shop,
          nicolae_shop_advertising_works [nicolae_subvault_shop_adworks]
D:12:     layout_irregular_city, lightli_wizard_tower
D:13:     layout_loops_ring, grunt_vaults_entry_fortified, uniq_rupert
D:14:     layout_irregular_city, abandoned_shop,
          hangedman_abyss_or_decor_clamps, uniq_roxanne
D:15:     grunt_enter_depths_magical_seal, layout_loops_ring, ashenzari_altar_1
Temple:   bh_familiar_temple
Lair:1:   layout_misc_corridors
Lair:2:   layout_gridlike, spider_nest_entry_webs,
          chequers_serial_rivers_micro_b, grunt_forest_stairs_clearing,
          grunt_megastairs_4, serial_bayou_shore_a, lemuel_fruit_tree,
          infiniplex_staircase_pool, uniq_nergalle
Lair:3:   layout_chaotic_city, serial_bayou, serial_bayou_crossing,
          serial_bayou_lake_a, serial_bayou_pond_d, serial_bayou_lagoon_b
Lair:4:   layout_regular_city, palyth_hydra_swamp_entry, basic_altar,
          ice2_lemuel, infiniplex_staircase_pool_2, uniq_kirke
Lair:5:   layout_cave_pods, dpeg_slime_entry_enclosed,
          chequers_serial_rivers_micro_e, nicolae_quartered_pool_super,
          uniq_urug
Lair:6:   hangedman_lair_in_review, layout_misc_corridors,
          chequers_serial_rivers_micro_e, dreamdust_gnoll_shepherd
Swamp:1:  layout_falls_marsh, evilmike_swamp_ruin_house_1
Swamp:2:  layout_falls_marsh, nicolae_swamp_feature_on_the_river_bank
Swamp:3:  layout_basic_swamp, evilmike_swamp_ruin_wall, uniq_donald,
          uniq_bai_suzhen
Swamp:4:  grunt_swamp_rune_castle, layout_basic_swamp
Spider:1: layout_spider_delve, uniq_azrael
Spider:2: nicolae_spider_mines_2, gammafunk_ghost_mausoleum
Spider:3: layout_spider_delve
Spider:4: hellmonk_spider_rune_endless_swarm, nicolae_spider_swamp_cousins
Slime:1:  layout_caves
Slime:2:  layout_caves
Slime:3:  cheibrodos_slime_lost_civilization_9, layout_caves
Slime:4:  layout_caves
Slime:5
Orc:1:    layout_caves
Orc:2:    st_orc_open, layout_diamond_mine, nicolae_orc_pool_cavern
Elf:1:    nicolae_elf_arrival_fired_up, layout_geoelf_grid,
          hangedman_elven_crosses_minicolossus,
          nicolae_elf_vaults_five_recruitment_drive
Elf:2:    elven_hall_of_blades_hangedman_original [nicolae_blade_bullseye],
          layout_onion_city, serial_shops, shop
Elf:3:    grunt_elf_hall_spiral, layout_gridlike, fountainhead, glass_columns_b,
          uniq_louise
Vaults:1: v_misc_22, vaults_mumra_lcd, dpeg_vaults_monster_box,
          nicolae_vaults_little_squares_4, st_spiral_rooms, vaults_room_corners,
          v_misc_5, nicolae_vaults_ninety_degrees, vaults_dpeg_ring,
          nicolae_vaults_little_squares_4, v_misc_30, layout_vaults_omnigrid,
          serial_shops, nicolae_diamond_shop

Skill      XL: |  1  2  3  4  5  6  7  8  9 10 11 12 13 14 15 16 17 18 19 20 21 |
---------------+----------------------------------------------------------------+-----
Stealth        | 2 3 4 |  4.0
Ranged Weapons | 5 6 7 8 11 13 14 16 18 | 18.0
Fighting       | 6 7 9 11 12 14 15 16 | 16.0
Shields        | 3 6 9 11 14 17 20 | 20.0
Armour         | 4 7 9 11 12 15 18 20 | 20.0
Invocations    | 3 4 7 9 11 | 11.0
Evocations     | 2 3 5 10 13 15 | 15.7
Dodging        | |  1.8

Action                   |  1- 3 |  4- 6 |  7- 9 | 10-12 | 13-15 | 16-18 | 19-21 || total
-------------------------+-------+-------+-------+-------+-------+-------+-------++-------
Melee: Shortbow          |       |       |       |       |       |     1 |       ||     1
 Fire: Shortbow          |    85 |    83 |   324 |   595 |   744 |   888 |   924 ||  3643
       Arbalest          |       |       |       |       |       |   266 |       ||   266
Throw: Throwing net      |       |       |       |       |       |     2 |       ||     2
Invok: Recall Ancestor   |       |       |     1 |     7 |    13 |    12 |    16 ||    49
       Ancestor Life: Kn |       |       |     1 |       |       |       |       ||     1
       Transference      |       |       |       |     5 |     3 |     2 |     3 ||    13
       Idealise          |       |       |       |       |     9 |    10 |     8 ||    27
       Ancestor Identity |       |       |       |       |     1 |       |       ||     1
 Abil: Dig               |     1 |       |       |       |       |       |       ||     1
       Shaft Self        |     1 |       |     1 |     1 |       |       |     1 ||     4
Evoke: Wand              |       |     6 |     2 |       |     1 |     1 |     4 ||    14
       Phantom mirror    |       |       |       |       |     1 |     1 |     3 ||     5
       Box of beasts     |       |       |       |       |       |     1 |     2 ||     3
  Use: Scroll            |     1 |     1 |    11 |    12 |     3 |    11 |     6 ||    45
       Potion            |       |       |     2 |     2 |     3 |    12 |     5 ||    24
Armor: Leather armour    |    11 |     9 |     9 |    27 |    31 |    43 |       ||   130
       Storm dragon scal |       |       |       |       |       |    60 |   209 ||   269
Dodge: Dodged            |    41 |    23 |    75 |    78 |    58 |   114 |   146 ||   535
Block: Kite shield       |       |       |       |    34 |    60 |   282 |   532 ||   908
       Reflection        |       |       |       |       |       |    29 |    39 ||    68

Table legend: (Time is in decaauts)
 A = Elapsed time spent in this place.
 B = Non-inter-level travel time spent in this place.
 C = Inter-level travel time spent in this place.
 D = Time resting spent in this place.
 E = Time spent auto-exploring this place.
 F = Levels seen in this place.
 G = Mean time per level.
                   A        B        C        D        E       F      G
               +--------+--------+--------+--------+--------+-----+--------+
         Total |  51388 |  46189 |   5199 |  11524 |  26846 |  42 | 1223.5 |
       Dungeon |  19269 |  17240 |   2029 |   2583 |  11892 |  15 | 1284.6 |
        Temple |    238 |    176 |     62 |      0 |    170 |   1 |  238.0 |
          Lair |   8322 |   6967 |   1355 |    872 |   5048 |   6 | 1387.0 |
         Swamp |   6082 |   5614 |    468 |   2791 |   2104 |   4 | 1520.5 |
   Spider Nest |   7314 |   6390 |    924 |   1892 |   3250 |   4 | 1828.5 |
    Slime Pits |   5419 |   5318 |    101 |   2551 |   1721 |   5 | 1083.8 |
  Orcish Mines |   1443 |   1319 |    124 |    125 |    917 |   2 |  721.5 |
   Elven Halls |   2660 |   2531 |    129 |    709 |   1340 |   3 |  886.7 |
        Vaults |    224 |    219 |      5 |      0 |    162 |   1 |  224.0 |
        Bailey |    412 |    412 |      0 |      0 |    240 |   1 |  412.0 |
               +--------+--------+--------+--------+--------+-----+--------+

Top non-repeatable levels by time:
 Swamp:3: 3336 daAuts
Spider:3: 2641 daAuts
Spider:1: 2207 daAuts
     D:6: 2101 daAuts
  Lair:4: 2017 daAuts
   Elf:1: 1797 daAuts
  Lair:6: 1735 daAuts
     D:4: 1657 daAuts
    D:12: 1653 daAuts
     D:2: 1553 daAuts
Spider:4: 1546 daAuts
     D:3: 1517 daAuts
     D:9: 1498 daAuts
  Lair:2: 1364 daAuts
 Slime:3: 1335 daAuts
